 Dungeon Crawl Stone Soup version 0.18-a0-1797-gc18daef (webtiles) character file.

63 macross the Skirmisher (level 3, 0/30 HPs)
             Began as a Demonspawn Berserker on Apr 22, 2016.
             Was a Believer of Trog.
             Slain by an adder (3 damage)
             ... on level 2 of the Dungeon.
             The game lasted 00:05:18 (1308 turns).

macross the Skirmisher (Demonspawn Berserker)       Turns: 1308, Time: 00:05:18

Health: 0/30       AC:  9    Str: 18    XL:     3   Next: 89%
Magic:  3/3        EV: 11    Int:  8    God:    Trog [**....]
Gold:   40         SH:  0    Dex: 12    Spells: 0 memorised, 2 levels left

rFire  . . .     SeeInvis .     a - +0 hand axe
rCold  . . .     Gourm    .     p - +0 ring mail
rNeg   . . .     Faith    .     (no shield)
rPois  .         Spirit   .     (no helmet)
rElec  .         Dismiss  .     (no cloak)
rCorr  .         Reflect  .     (no gloves)
SustAt .         Harm     .     (no boots)
MR     .....                    (no amulet)
Stlth  ..........               (no ring)
                                q - +3 ring of protection

@: confused, exhausted, slowed, very slow, not resistant to hostile
enchantments, extremely unstealthy
A: rugged brown scales 1
a: Berserk, Trog's Hand, Burn Spellbooks, Renounce Religion


You were on level 2 of the Dungeon.
You worshipped Trog.
Trog was pleased with you.
You were full.

You visited 1 branch of the dungeon, and saw 2 of its levels.

You collected 40 gold pieces.

Inventory:

Hand Weapons
 a - a +0 hand axe (weapon)
 w - a +4 spear of freezing
Missiles
 h - 4 tomahawks (quivered)
Armour
 b - a +0 animal skin
 l - a +0 robe
 p - a +0 ring mail (worn)
Jewellery
 q - a +3 ring of protection (left hand)
 t - an uncursed amulet of magic regeneration {unknown}
Scrolls
 f - a scroll of enchant weapon {unknown}
 g - a scroll of blinking {unknown}
 i - 4 scrolls of identify {unknown}
 r - a scroll of remove curse {unknown}
 u - a scroll of fog {unknown}
Potions
 d - a potion of ambrosia {unknown}
 e - a potion of agility {unknown}
 k - a potion of flight {unknown}
 m - a potion of haste {unknown}
 n - a potion of brilliance {unknown}
 o - a potion of resistance
 s - a potion of curing {unknown}
 v - a potion of cancellation {unknown}
Comestibles
 c - 2 bread rations
 j - a meat ration


   Skills:
 + Level 3.8 Fighting
 + Level 3.1 Axes
 + Level 2.0 Armour
 + Level 2.5 Dodging


You had 2 spell levels left.
You didn't know any spells.

Dungeon Overview and Level Annotations

Branches:
Dungeon (2/15)

Altars:

Annotations:
D:2 Sigmund


Innate Abilities, Weirdness & Mutations

You are partially covered in rugged brown scales (AC +1, +3% HP).


Message History

You barely miss the adder.
The adder is severely wounded.
The adder bites you.
Sigmund points at you and mumbles some strange words.
You are confused.
You bump into the rock wall.
You feel a strong urge to attack something.
You are no longer berserk.
You are exhausted.
You feel yourself slow down.
Sigmund hits you from afar with a scythe!
* * * LOW HITPOINT WARNING * * *
The adder closely misses you.
You're too confused!
You closely miss the adder.
The adder is severely wounded.
The adder bites you.
* * * LOW HITPOINT WARNING * * *
Sigmund hits you but does no damage. The adder bites you.
You die...

##.## . #... ....[...
#..# ####.#.#.#. #
#..# #......... #
#..# ##..# #... #
####.†###...# #..####
# ##....)).....#
#.....
###.#.#..###...###b.#
...###.....(....@S@b#
###.#.########.####K#
# #.# #.# #.# # #<#
#.#


SKb # # # #.. ..... # .......### #####.# .####.## ....... . .. .####.# #. You
could see Sigmund, an adder, 2 bats and a kobold.

Vanquished Creatures
  3 gnolls (D:2)
  A dart slug (D:1)
  A giant gecko (D:1)
  6 bats (D:1)
  2 giant cockroaches (D:1)
  3 goblins (D:1)
  3 hobgoblins (D:1)
  A jackal (D:1)
  4 giant newts
  5 kobolds
  4 rats
33 creatures vanquished.

Notes
Turn   | Place    | Note
--------------------------------------------------------------
     0 | D:1      | macross the Demonspawn Berserker began the quest for the Orb.
     0 | D:1      | Reached XP level 1. HP: 18/18 MP: 1/1
   310 | D:1      | Gained mutation: You are partially covered in rugged brown scales (AC +1, +3% HP). [demonic ancestry]
   310 | D:1      | Reached XP level 2. HP: 16/24 MP: 2/2
   956 | D:1      | Reached XP level 3. HP: 30/30 MP: 3/3
  1120 | D:2      | Reached ** piety under Trog
  1288 | D:2      | Noticed Sigmund
  1308 | D:2      | Slain by an adder

Vault maps used:
D:1:      ncdulo_halloftheorcs, st_stairs_13, kennysheep_small_spiral
D:2:      kennysheep_vampire_church, first_bread, uniq_sigmund

Skill      XL: |  1  2  3 |
---------------+----------+-----
Armour         | 2 |  2.0
Dodging        | 2 |  2.5
Axes           | 3 |  3.1
Fighting       | |  3.8

Action                   || total
-------------------------++-------
Melee: Hand axe          ||    90
Invok: Berserk           ||     2
  Eat: Bread ration      ||     2
Armor: Animal skin       ||    25
       Ring mail         ||    20
Dodge: Dodged            ||    68
